 Dungeon Crawl Stone Soup version 0.19.3-4-gbf9329e (webtiles) character file.

48175 TuxedoFelix the Blocker (level 14, -24/129 HPs)
             Began as a Minotaur Fighter on Jan 27, 2017.
             Was an Elder of the Shining One.
             Annihilated by Saint Roka
             ... wielding a +0 battleaxe
              (29 damage)
             ... on level 2 of the Orcish Mines.
             The game lasted 02:03:01 (19277 turns).

TuxedoFelix the Blocker (Minotaur Fighter)         Turns: 19277, Time: 02:03:01

Health: -24/129    AC: 25    Str: 25    XL:     14   Next: 11%
Magic:  12/20      EV:  6    Int:  5    God:    the Shining One [****..]
Gold:   386        SH: 33    Dex: 11    Spells: 0 memorised, 13 levels left

rFire  . . .     SeeInvis .     m - +9 long sword (flame)
rCold  . . .     Gourm    .     U - +2 plate armour {MR+}
rNeg   + + .     Faith    .     a - +3 large shield
rPois  .         Spirit   .     (helmet restricted)
rElec  .         Reflect  .     (no cloak)
rCorr  .         Harm     .     (no gloves)
MR     ++...                    (no boots)
Stlth  ..........               (no amulet)
                                r - ring of Robustness {AC+8}
                                T - +2 ring of slaying

@: divine shield, glowing
A: retaliatory headbutt, horns 2
a: Divine Shield, Cleansing Flame, Renounce Religion


You were on level 2 of the Orcish Mines.
You worshipped the Shining One.
The Shining One was greatly pleased with you.
You were not hungry.

You visited 3 branches of the dungeon, and saw 18 of its levels.
You also visited: Labyrinth.

You collected 913 gold pieces.
You spent 527 gold pieces at shops.

Inventory:

Hand Weapons
 m - a +9 long sword of flaming (weapon)
Missiles
 F - 6 tomahawks (quivered)
Armour
 a - a +3 large shield (worn)
 U - a +2 plate armour of magic resistance (worn)
Rods
 i - a +3 rod of ignition (14/14)
   (You took it off a minotaur in a labyrinth)
 K - a +1 rod of shadows (14/14)
   (You found it on level 11 of the Dungeon)
 S - a +5 rod of inaccuracy (14/14)
   (You found it in a labyrinth)
Jewellery
 g - an uncursed ring of ice
 k - an uncursed ring of positive energy
 r - the ring of Robustness (right hand) {AC+8}
   (You found it on level 4 of the Dungeon)

   [ring of protection]

   It affects your AC (+8).
 J - a +3 ring of dexterity
 R - an uncursed ring of see invisible
 T - a +2 ring of slaying (left hand)
Wands
 p - a wand of flame (44/48)
 u - a wand of digging (10/24)
 y - a wand of iceblast (6/15)
 G - a wand of enslavement (7/24)
 H - a wand of lightning (11/15)
 O - a wand of lightning (8/15)
 Q - a wand of slowing (19/48)
Scrolls
 h - 6 scrolls of teleportation
 o - 6 scrolls of remove curse
 t - a scroll of noise
 v - a scroll of amnesia
 z - a scroll of magic mapping
 A - a scroll of immolation
 C - 3 scrolls of blinking
 D - a scroll of recharging
 I - a scroll of fog
 N - a scroll of summoning
 W - a scroll of torment {unknown}
Potions
 c - 3 potions of flight
 d - 2 potions of brilliance
 e - a potion of resistance
 j - a potion of ambrosia
 n - 2 potions of lignification
 s - a potion of cancellation
 w - a potion of mutation
Books
 x - a book of the Earth

   Spells                             Type                      Level
   a - Leda's Liquefaction            Hexes/Earth                  4
   b - Bolt of Magma                  Conjuration/Fire/Earth       5
   c - Statue Form                    Transmutation/Earth          6
   d - Iron Shot                      Conjuration/Earth            6
   e - Shatter                        Earth                        9
 B - a book of Maledictions

   Spells                             Type                      Level
   a - Corona                         Hexes                        1
   b - Ensorcelled Hibernation        Hexes/Ice                    2
   c - Confuse                        Hexes                        3
   d - Tukima's Dance                 Hexes                        3
   e - Dazzling Spray                 Conjuration/Hexes            3
 P - a book of Burglary

   Spells                             Type                      Level
   a - Swiftness                      Charms/Air                   2
   b - Passwall                       Transmutation/Earth          2
   c - Passage of Golubria            Translocation                4
   d - Lee's Rapid Deconstruction     Earth                        5
   e - Darkness                       Hexes                        6
   f - Invisibility                   Hexes                        6
 Y - a book of Conjurations

   Spells                             Type                      Level
   a - Magic Dart                     Conjuration                  1
   b - Searing Ray                    Conjuration                  2
   c - Dazzling Spray                 Conjuration/Hexes            3
   d - Fulminant Prism                Conjuration/Hexes            4
   e - Iskenderun's Mystic Blast      Conjuration                  4
   f - Iskenderun's Battlesphere      Conjuration/Charms           5
Miscellaneous
 L - a disc of storms
Comestibles
 f - 4 bread rations
 l - 3 meat rations
 q - 3 fruits
 E - 24 chunks of flesh


   Skills:
 + Level 13.5 Fighting
 + Level 14.5 Long Blades
 + Level 11.1 Armour
 - Level 1.9 Dodging
 - Level 1.0 Stealth
 + Level 14.7 Shields
 * Level 10.2 Invocations


You had 13 spell levels left.
You didn't know any spells.

Dungeon Overview and Level Annotations

Branches:
Dungeon (15/15)            Temple (1/1) D:4            Lair (0/6) D:9
    Orc (2/2) D:11         Vaults (0/5) D:14         Depths (0/5) D:15
    Elf: Orc:2

Altars:
Dithmenos
Gozag
Makhleb
Okawaru
Ru
Zin
The Shining One

Shops:
D:7 *!(   D:10 *   D:12 *

Portals:
Trove: D:10 (give 8 potions of haste)

Annotations:
Orc:2 Saint Roka


Innate Abilities, Weirdness & Mutations

You reflexively headbutt those who attack you in melee.
You have a pair of horns on your head.


Message History

You hit the orc knight. You burn the orc knight.
The orc knight is lightly wounded.
You block the orc warrior's attack.
Saint Roka invokes the aid of Beogh against you.
Beogh smites you!
Unknown command.
You feel better. You block the orc warrior's attack.
The orc knight roars a battlecry!
The orc wizard goes into a battle-frenzy!
Saint Roka invokes the aid of Beogh against you.
Beogh smites you! You block the orc warrior's attack.
The orc knight hits you with a war axe of chopping!
* * * LOW HITPOINT WARNING * * *
x2 You hear a shout!
Your divine shield is renewed.
You feel slightly more hungry. You block the orc warrior's attack. x2
The orc knight hits you from afar with a glaive!!
* * * LOW HITPOINT WARNING * * *
You block the orc's attack. Saint Roka hits you with a battleaxe!!
You die... o..o..o Oooo.oo

### ..ooo# ##..# ooo..#
.....# ###8.o.8# .....##
##(#.ooo.#
#....####@o#)....#.
#.....oooooo$....
##.#.(.oooo.....# ###
##.....OoT.......
##.####.......O.o......
##
#...##....#........#..#
#.##...##............##
..
......................#
.
...#....................


You could see Saint Roka, 2 orc knights, a troll, 5 orc warriors, 2 ogres, an
orc wizard and 4 orcs.

Vanquished Creatures
  Rupert (D:15)
  Azrael (D:13)
  Josephine (D:15)
  A minotaur (Lab)
  Snorg (D:13)
  A yaktaur captain (D:15)
  A hydra (D:13)
  Erica (D:9)
  2 dancing weapons (D:14)
  A death knight (D:15)
  A death yak (D:9)
  5 centaur warriors
  2 unseen horrors
  A skeletal warrior (D:15)
  6 hill giants
  An orc sorcerer (Orc:2)
  2 slime creatures (D:9)
  2 deep elf magi
  10 ugly things
  4 cyclopes
  Maurice (D:11)
  An efreet (D:13)
  A gargoyle (D:14)
  A yaktaur (D:15)
  A freezing wraith (D:15)
  2 trolls
  A two-headed ogre (D:11)
  Grinder (D:5)
  2 hornets
  A blink frog (shapeshifter) (D:15)
  A meliai zombie (D:13)
  5 hippogriffs
  A shadow (D:15)
  3 fire elementals (D:13)
  A vampire (D:15)
  7 wraiths
  A spriggan (D:7)
  21 yaks
  Sigmund (D:4)
  2 basilisks
  A hungry ghost (D:10)
  6 vampire mosquitoes
  A soldier ant (D:15)
  A water moccasin (D:15)
  2 hell hounds (D:13)
  4 black bears
  3 sky beasts
  15 orc warriors
  10 ice beasts
  4 phantoms
  4 ogres
  2 eyes of draining
  A necrophage (D:12)
  28 centaurs
  2 big kobolds
  4 bullfrogs
  A gnoll sergeant (D:7)
  A wyvern zombie (D:15)
  5 scorpions
  17 killer bees
  24 wights
  4 spriggan skeletons (D:10)
  2 electric eels (D:8)
  4 howler monkeys
  A centaur zombie (D:5)
  5 crimson imps
  3 jellies
  5 hounds
  8 centaur skeletons
  12 orc priests
  13 orc wizards
  A gnoll shaman (Orc:2)
  7 iguanas
  Jessica (D:2)
  12 worker ants
  Natasha (thrice) (D:2)
  3 centaur simulacra (D:8)
  A bullfrog simulacrum (D:8)
  A hound zombie (D:10)
  4 hound skeletons
  A howler monkey zombie (D:11)
  2 worker ant zombies
  12 adders
  18 gnolls
  A howler monkey skeleton (D:7)
  2 river rats (D:5)
  A hound simulacrum (D:8)
  5 shadow imps
  3 white imps (D:8)
  3 oozes
  3 adder zombies
  3 worms
  A dart slug (D:5)
  6 leopard geckos
  48 orcs
  6 giant cockroaches
  9 goblins
  6 hobgoblins
  9 jackals
  14 kobolds
  8 quokkas
  4 ball pythons
  3 bats (D:2)
  2 frilled lizards
  A jackal skeleton (D:6)
  A jackal zombie (D:5)
  A leopard gecko skeleton (D:7)
  A quokka zombie (D:5)
  11 rats
511 creatures vanquished.

Vanquished Creatures (others)
  An adder (D:8)
1 creature vanquished.

Grand Total: 512 creatures vanquished

Notes
Turn   | Place    | Note
-------+----------+-------------------------------------------
     0 | D:1      | TuxedoFelix the Minotaur Fighter began the quest for the Orb.
     0 | D:1      | Reached XP level 1. HP: 19/19 MP: 0/0
   367 | D:1      | Reached XP level 2. HP: 23/27 MP: 1/1
   923 | D:2      | Reached XP level 3. HP: 25/33 MP: 2/2
  1122 | D:2      | Reached XP level 4. HP: 38/41 MP: 3/3
  1338 | D:2      | Noticed Jessica
  1346 | D:2      | Killed Jessica
  1715 | D:2      | Reached XP level 5. HP: 44/47 MP: 4/4
  1741 | D:2      | Noticed Natasha
  1749 | D:2      | Killed Natasha
  1847 | D:2      | Noticed Natasha
  1855 | D:2      | Killed Natasha
  2049 | D:2      | Noticed Natasha
  2055 | D:2      | Killed Natasha
  2055 | D:2      | Reached skill level 5 in Armour
  2147 | D:3      | Reached skill level 5 in Shields
  2148 | D:3      | Reached XP level 6. HP: 19/53 MP: 5/5
  3355 | D:4      | Reached skill level 5 in Fighting
  3606 | D:4      | Found a staircase to the Ecumenical Temple.
  3621 | Temple   | Entered the Ecumenical Temple
  3634 | Temple   | Became a worshipper of the Shining One
  3753 | D:4      | Reached skill level 1 in Dodging
  3772 | D:4      | Noticed Sigmund
  3783 | D:4      | Killed Sigmund
  3783 | D:4      | Reached skill level 5 in Long Blades
  3783 | D:4      | Reached XP level 7. HP: 51/61 MP: 6/6
  4128 | D:5      | Entered Level 5 of the Dungeon
  4160 | D:5      | Noticed Grinder
  4184 | D:5      | Killed Grinder
  4378 | D:5      | Reached skill level 1 in Stealth
  4424 | D:5      | Reached * piety under the Shining One
  4466 | D:5      | Reached XP level 8. HP: 69/69 MP: 7/7
  5378 | D:6      | Reached skill level 1 in Invocations
  5628 | D:6      | Reached ** piety under the Shining One
  6359 | D:7      | Reached XP level 9. HP: 79/79 MP: 8/10
  6519 | D:7      | Found Myfox's Weapon Shoppe.
  6536 | D:7      | Found a shadowy altar of Dithmenos.
  6688 | D:7      | Found Nodaor's Distillery.
  6691 | D:7      | Bought a potion of curing for 39 gold pieces
  6691 | D:7      | Bought a potion of curing for 39 gold pieces
  6691 | D:7      | Bought a potion of curing for 39 gold pieces
  6691 | D:7      | Bought a potion of curing for 39 gold pieces
  6691 | D:7      | Bought a potion of curing for 39 gold pieces
  6691 | D:7      | Bought a potion of curing for 39 gold pieces
  6691 | D:7      | Bought a potion of curing for 39 gold pieces
  6829 | D:7      | Found Unan's General Store.
  6849 | D:7      | Reached *** piety under the Shining One
  7446 | D:8      | Reached skill level 5 in Invocations
  7446 | D:8      | Reached XP level 10. HP: 87/90 MP: 12/12
  8223 | D:8      | Reached skill level 10 in Long Blades
  8585 | D:9      | Found a staircase to the Lair.
  8588 | D:9      | Noticed a death yak
  8631 | D:9      | Killed a death yak
  9523 | D:9      | Noticed Erica
  9541 | D:9      | Killed Erica
  9995 | D:9      | Reached XP level 11. HP: 27/99 MP: 10/14
 10665 | D:10     | Entered Level 10 of the Dungeon
 10723 | D:10     | Found Yqokas's General Store.
 10726 | D:10     | Bought a scroll of identify for 26 gold pieces
 10755 | D:10     | Reached skill level 10 in Fighting
 11241 | D:10     | Reached **** piety under the Shining One
 11244 | D:10     | Noticed a hill giant
 11248 | D:10     | Reached skill level 10 in Shields
 11254 | D:10     | Killed a hill giant
 11410 | D:10     | Found a portal to a secret trove of treasure.
 11962 | D:11     | Noticed a hill giant
 11978 | D:11     | Killed a hill giant
 12075 | D:11     | Noticed Maurice
 12082 | D:11     | Killed Maurice
 12273 | D:11     | Found a staircase to the Orcish Mines.
 12421 | D:11     | Noticed a purple ugly thing
 12429 | D:11     | Killed a purple ugly thing
 12930 | D:12     | Found a labyrinth entrance.
 12951 | Lab      | Entered a labyrinth
 13834 | Lab      | Noticed a minotaur
 13850 | Lab      | Killed a minotaur
 13850 | Lab      | Reached XP level 12. HP: 41/110 MP: 10/16
 14096 | Lab      | Got a steaming leather armour
 14100 | Lab      | Identified the Disquisition on Moulding and Dark Secrets
 14210 | D:12     | Found Wisoer's General Store.
 14244 | D:12     | Bought a meat ration for 60 gold pieces
 14244 | D:12     | Bought a beef jerky for 18 gold pieces
 14244 | D:12     | Bought a scroll of summoning for 114 gold pieces
 14244 | D:12     | Bought a scroll of teleportation for 36 gold pieces
 14772 | D:12     | Reached skill level 10 in Armour
 15108 | D:13     | Reached ***** piety under the Shining One
 15109 | D:13     | Noticed Azrael
 15141 | D:13     | Killed Azrael
 15239 | D:13     | Found a burning altar of Makhleb.
 15308 | D:13     | Noticed a centaur warrior
 15335 | D:13     | Killed a centaur warrior
 15480 | D:13     | Noticed a centaur warrior
 15496 | D:13     | Killed a centaur warrior
 15639 | D:13     | Noticed Snorg
 15650 | D:13     | Killed Snorg
 15721 | D:13     | Noticed a centaur warrior
 15734 | D:13     | Killed a centaur warrior
 15914 | D:13     | Reached XP level 13. HP: 118/118 MP: 18/18
 17402 | D:14     | Found a gate to the Vaults.
 17725 | D:15     | Entered Level 15 of the Dungeon
 17725 | D:15     | Found an opulent altar of Gozag.
 17764 | D:15     | Noticed Rupert
 17779 | D:15     | Killed Rupert
 18021 | D:15     | Noticed Josephine
 18039 | D:15     | Killed Josephine
 18559 | D:15     | Found a glowing golden altar of the Shining One.
 18716 | D:15     | Reached XP level 14. HP: 129/129 MP: 20/20
 18821 | D:15     | Found a staircase to the Depths.
 18836 | D:15     | Reached skill level 10 in Invocations
 19033 | Orc:1    | Entered Level 1 of the Orcish Mines
 19130 | Orc:2    | Entered Level 2 of the Orcish Mines
 19250 | Orc:2    | Noticed Saint Roka
 19277 | Orc:2    | HP: 5/129 [orc knight/glaive (23)]
 19277 | Orc:2    | Annihilated by Saint Roka

Skill      XL: |  1  2  3  4  5  6  7  8  9 10 11 12 13 14 |
---------------+-------------------------------------------+-----
Shields        | 4 5 6 8 9 11 13 14 | 14.7
Fighting       | 4 5 7 8 9 11 12 13 | 13.5
Armour         | 4 5 6 7 9 10 11 | 11.1
Long Blades    | 3 4 5 6 8 9 11 12 13 14 | 14.5
Dodging        | 1 |  1.9
Stealth        | 1 |  1.0
Invocations    | 2 5 6 7 8 9 10 | 10.2

Action                   |  1- 3 |  4- 6 |  7- 9 | 10-12 | 13-15 || total
-------------------------+-------+-------+-------+-------+-------++-------
Melee: Long sword        |    74 |   132 |   287 |   622 |   328 ||  1443
       Headbutt          |    13 |    18 |    55 |   110 |    69 ||   265
Throw: Tomahawk          |       |       |       |       |     4 ||     4
Invok: Divine Shield     |       |       |       |    18 |    18 ||    36
       Cleansing Flame   |       |       |       |     4 |     3 ||     7
Evoke: Wand              |       |       |       |     2 |       ||     2
  Use: Scroll            |       |     6 |     6 |    13 |     4 ||    29
       Potion            |       |     1 |     1 |    10 |     5 ||    17
  Eat: Chunk             |     1 |     4 |     1 |     7 |     3 ||    16
       Bread ration      |       |     1 |     1 |     3 |     1 ||     6
       Meat ration       |       |       |     1 |     1 |       ||     2
       Beef jerky        |       |       |     1 |     1 |     1 ||     3
       Royal jelly       |       |       |       |     2 |     1 ||     3
       Fruit             |       |       |       |       |     2 ||     2
Armor: Scale mail        |    31 |    77 |    61 |       |       ||   169
       Plate armour      |       |       |    60 |   183 |    71 ||   314
Dodge: Dodged            |    22 |    35 |    53 |    53 |    27 ||   190
Block: Shield            |    28 |    68 |    83 |       |       ||   179
       Large shield      |       |       |   135 |   631 |   449 ||  1215
       Rpst.: Long sword |     5 |     7 |     9 |    13 |     6 ||    40
